 Dungeon Crawl Stone Soup version 0.16-a0-1243-g6e0463c (webtiles) character file.

79 Kashira the Chopper (level 4, 0/36 HPs)
             Began as a Vine Stalker Berserker on Oct 13, 2014.
             Was a Priest of Trog.
             Killed by divine providence
             ... invoked by an orc priest
              (8 damage)
             ... on level 3 of the Dungeon.
             The game lasted 00:04:00 (1735 turns).

Kashira the Chopper (Vine Stalker Berserker)        Turns: 1735, Time: 00:04:01

Health: 0/36       AC:  4    Str: 27    XL:     4   Next: 38%
Magic:  0/5        EV: 12    Int:  8    God:    Trog [***...]
Gold:   197        SH:  0    Dex: 14    Spells: 0 memorised, 3 levels left

rFire  . . .     SeeInvis .     a - +0 hand axe
rCold  . . .     Clarity  .     b - +0 animal skin
rNeg   . . .     SustAb   .     (no shield)
rPois  .         Gourm    .     p - +0 helmet
rElec  .         Spirit   +     (no cloak)
rCorr  .         Warding  .     e - +0 pair of gloves
rMut   .         Stasis   .     (no boots)
MR     .....                    (no amulet)
Stlth  ..........               (no ring)
                                m - +3 ring of strength

@: berserking, very quick, not resistant to hostile enchantments, extremely
unstealthy
A: fangs 2, regeneration 1, magic shield, antimagic bite, no device heal 3, rot
immunity
a: Burn Spellbooks, Berserk, Trog's Hand, Renounce Religion


You were on level 3 of the Dungeon.
You worshipped Trog.
Trog was most pleased with you.
You were not hungry.

You visited 1 branch of the dungeon, and saw 3 of its levels.

You collected 197 gold pieces.

Inventory:

Hand weapons
 a - a +0 hand axe (weapon)
Armour
 b - a +0 animal skin (worn)
 e - a +0 pair of gloves (worn)
 p - a +0 helmet (worn)
Jewellery
 m - a +3 ring of strength (left hand)
 o - an uncursed ring of wizardry {unknown}
Magical devices
 s - a wand of frost (33)
 t - a wand of random effects (26)
Scrolls
 g - 3 scrolls of magic mapping {unknown}
 j - 2 scrolls of enchant weapon {unknown}
 n - 2 scrolls of identify {unknown}
 q - a scroll of immolation {unknown}
 u - 2 scrolls of amnesia {unknown}
 y - 4 scrolls of teleportation {unknown}
 A - a scroll of remove curse {unknown}
Potions
 f - 3 potions of curing {unknown}
 i - a potion of confusion {unknown}
 k - a potion of agility {unknown}
 l - 2 potions of invisibility {unknown}
 r - a potion of brilliance {unknown}
 w - a potion of might {unknown}
 B - a potion of haste {unknown}
Comestibles
 c - 3 bread rations
 d - a meat ration
 h - a fruit
 v - a beef jerky
 x - a slice of pizza
 z - a royal jelly


   Skills:
 + Level 3.4 Fighting
 * Level 3.6 Axes
 + Level 1.6 Armour
 + Level 1.9 Dodging
 * Level 1.0 Stealth


You had 3 spell levels left.
You didn't know any spells.

Dungeon Overview and Level Annotations

Branches:
Dungeon (3/15)

Altars:


Innate Abilities, Weirdness & Mutations

You have extremely sharp teeth.
Your natural rate of healing is unusually fast.
When hurt, damage is shared between your health and your magic reserves.
Your bite disrupts and absorbs the magic of your enemies.
Potions and wands cannot restore your health.
You are immune to rotting.


Message History

You slash the orc!
You kill the orc!
Trog accepts your kill.
You hit the orc priest.
The orc priest is heavily wounded.
You slash the orc!
You kill the orc!
Trog accepts your kill.
The orc priest glows brightly for a moment.
You completely miss the orc priest.
The orc priest is heavily wounded.
You barely miss the orc priest.
The orc priest is heavily wounded.
The orc priest becomes somewhat translucent.
You hit the orc priest. You bite the orc priest. You drain its power.
You feel invigorated.
The orc priest is almost dead.
The orc priest mumbles some strange prayers to Beogh against you.
Something smites you!
You die...

#......+#####
#####.......# #.......#
#.......# ## #.......#
...###.......#
.............#
.......)).....####+##
.......o@.....#.......
###
........?.##'##........
..#
##.......##..#........
#.#
#.......###.#........
#.# ###############
#.#........#
#.###........#
#..........#
#.[.'........#
##.###+#####
#####........# #..##.#
#........# ##.##.#


You could see an orc priest.

Vanquished Creatures
  2 adders (D:3)
  3 giant geckos
  An ooze (D:1)
  4 orcs (D:3)
  A ball python (D:1)
  5 bats
  2 giant cockroaches
  7 hobgoblins
  2 jackals (D:3)
  A quokka (D:3)
  4 giant newts
  5 goblins
  10 kobolds
  8 rats
55 creatures vanquished.

Notes
Turn   | Place    | Note
--------------------------------------------------------------
     0 | D:1      | Kashira, the Vine Stalker Berserker, began the quest for the Orb.
     0 | D:1      | Reached XP level 1. HP: 11/11 MP: 1/1
   265 | D:1      | Reached XP level 2. HP: 14/16 MP: 3/3
   325 | D:1      | Acquired Trog's second power
   379 | D:1      | Reached skill level 3 in Fighting
   737 | D:1      | Reached XP level 3. HP: 20/20 MP: 4/4
  1066 | D:2      | Reached skill level 1 in Stealth
  1506 | D:3      | Reached XP level 4. HP: 24/24 MP: 5/5
  1735 | D:3      | Killed from afar by an orc priest

Action                   |  1- 3 |  4- 6 || total
-------------------------+-------+-------++-------
Melee: Hand axe          |   105 |    29 ||   134
Invok: Berserk           |       |     1 ||     1
 Stab: Sleeping          |     1 |       ||     1
  Eat: Chunk             |     2 |     1 ||     3
